 Dungeon Crawl Stone Soup version bcrawl-1.19.1 (webtiles) character file.

Game seed: 6684736186349837432

970 Morbidden the Slasher (level 7, 0/58 HPs)
             Began as a Minotaur Archaeologist on Nov 22, 2019.
             Slain by a sky beast (6 damage)
             ... on level 4 of the Dungeon.
             The game lasted 00:08:54 (3721 turns).

Morbidden the Slasher (Minotaur Archaeologist)      Turns: 3721, Time: 00:08:55

Health: 0/58       AC:  8    Str: 17    XL:     7   Next: 94%
Magic:  6/6        EV: 20    Int: 16    God:
Gold:   292        SH:  0    Dex: 14    Spells: 6/6 levels left

rFire    + . .     SeeInvis .   n - +0 short sword
rCold    . . .     Gourm    .   (no shield)
rNeg     . . .     Faith    .   j - +1 leather armour {rF+}
rPois    .         Spirit   .   c - +1 hat
rElec    .         Reflect  .   (no cloak)
rCorr    .         Harm     .   (no gloves)
MR       .....                  p - +2 pair of boots {Fly}
Stlth    +++.......             (no amulet)
HPRegen  0.59/turn              (no ring)
MPRegen  0.10/turn              (no ring)

@: brilliant, agile, berserk cooldown, flying, slowed, studying Long Blades,
very slow
A: retaliatory headbutt, horns 2, regeneration 1, MP-powered wands
a: Stop Flying


You were on level 4 of the Dungeon.
You were not hungry.

You visited 1 branch of the dungeon, and saw 4 of its levels.
You also visited: Sewer.

You collected 292 gold pieces.

Inventory:

Hand Weapons
 n - a +0 short sword (weapon)
Armour
 a - +0 ice dragon scales
 c - a +1 hat (worn)
 j - a +1 leather armour of fire resistance (worn)
 p - a +2 pair of boots of flying (worn)
Jewellery
 h - an uncursed ring of see invisible {unknown}
Scrolls
 b - a scroll of fear
 o - a scroll of enchant armour {unknown}
 q - a scroll of amnesia {unknown}
 s - 3 scrolls of identify
Potions
 r - a potion of magic
Books
 e - a manual of Long Blades
Miscellaneous
 f - an ancient crate
Comestibles
 d - 9 chunks of flesh
 g - 5 rations {!d}


   Skills:
 + Level 3.9 Fighting
 + Level 4.7(6.1) Short Blades
 * Level 6.5(7.4) Long Blades
   Level 1.4 Maces & Flails
 + Level 3.2 Armour
 + Level 5.8 Dodging
 - Level 3.5 Stealth


You had 6 spell levels left.
You didn't know any spells.
Your spell library was empty.

Dungeon Overview and Level Annotations

Branches:
Dungeon (4/12)
 Temple: D:4-7

Altars:

Shops:
D:4 *


Innate Abilities, Weirdness & Mutations

You reflexively headbutt those who attack you in melee.
You have a pair of horns on your head.
Your natural rate of healing is unusually fast.
You expend magic power (3 MP) to strengthen your wands.


Message History

Unknown command.
Something hits you but does no damage. Something barely misses you.
Something hits you but does no damage.
Unknown command.
You barely miss something. Something closely misses you.
Unknown command.
You closely miss something. The orc misses you. You furiously retaliate!
You headbutt the orc!
You kill the orc!
Something hits you but does no damage.
You puncture something! Something closely misses you.
Unknown command.
You miss something. Something barely misses you.
The orc hits you with a +0 mace.
* * * LOW HITPOINT WARNING * * *
Unknown command.
You closely miss something. Something hits you.
* * * LOW HITPOINT WARNING * * *
Something shocks you.
You die...

.# .# ##.## #...#
# ###...# . #[. .
####.....#
.##.##.#
#........#
###..#....#
##.###....#
..#...#o.####{@#
#....#
.......##.).o##
#.####
#.........####
##.# #...#..[.###
#..##
####...[.#.....#
#≈..########
#....<.....###..#
#≈≈........#
.........###
...#8≈........#
....÷#÷#.#
###≈≈........#
.5.###.#.#
#≈......<..#


You could see an orc.

Vanquished Creatures
  Grinder (D:4)
  A phantom (D:4)
  2 bullfrogs (Sewer)
  A big kobold (D:4)
  A crimson imp (D:4)
  2 hounds (D:4)
  An orc wizard (D:4)
  A centaur skeleton (D:4)
  2 worker ants (D:4)
  Robin (D:2)
  5 adders
  4 gnolls (D:4)
  4 worms
  3 dart slugs
  6 leopard geckos
  16 orcs
  3 ball pythons
  11 giant cockroaches
  15 goblins
  9 hobgoblins
  10 jackals
  14 kobolds
  9 bats
  14 frilled lizards
  A jackal skeleton (D:4)
  8 rats
145 creatures vanquished.

Notes
Turn   | Place    | Note
-------+----------+-------------------------------------------
     0 | D:1      | Morbidden the Minotaur Archaeologist began the quest for
                  | the Orb.
     0 | D:1      | Reached XP level 1. HP: 16/16 MP: 0/0
   134 | D:1      | Reached XP level 2. HP: 23/23 MP: 1/1
   320 | D:1      | Reached XP level 3. HP: 16/28 MP: 2/2
   610 | D:1      | Reached skill level 1 in Long Blades
   982 | D:2      | Reached skill level 2 in Long Blades
  1236 | D:2      | Reached XP level 4. HP: 35/35 MP: 3/3
  1328 | D:2      | Noticed Robin
  1341 | D:2      | Killed Robin
  1663 | D:2      | Reached skill level 1 in Short Blades
  1974 | D:3      | Reached skill level 3 in Long Blades
  2105 | D:3      | Reached XP level 5. HP: 28/41 MP: 4/4
  2219 | D:3      | Found a glowing drain.
  2244 | Sewer    | Entered a sewer
  2628 | Sewer    | Reached skill level 1 in Armour
  2628 | Sewer    | Reached XP level 6. HP: 8/50 MP: 5/5
  2629 | Sewer    | Reached skill level 4 in Long Blades
  2629 | Sewer    | Reached skill level 5 in Dodging
  2640 | Sewer    | Gained mutation: Your natural rate of healing is unusually
                  | fast. [potion of mutation]
  2640 | Sewer    | Gained mutation: You expend magic power (3 MP) to
                  | strengthen your wands. [potion of mutation]
  3321 | D:4      | Reached skill level 5 in Long Blades
  3336 | D:4      | Reached XP level 7. HP: 41/56 MP: 6/6
  3466 | D:4      | Found Haob's Assorted Antiques.
  3466 | D:4      | Noticed Grinder
  3668 | D:4      | Paralysed by Grinder for 4 turns
  3674 | D:4      | Paralysed by Grinder for 2 turns
  3688 | D:4      | Paralysed by Grinder for 4 turns
  3694 | D:4      | Killed Grinder
  3694 | D:4      | Reached skill level 6 in Long Blades
  3721 | D:4      | Slain by a sky beast

Skill      XL: |  1  2  3  4  5  6  7 |
---------------+----------------------+-----
Stealth        | 3 |  3.5
Dodging        | 4 5 |  5.8
Long Blades    | 2 3 5 6 |  6.5
Short Blades   | 1 2 3 4 |  4.7
Fighting       | 2 3 |  3.9
Armour         | 1 2 3 |  3.2
Maces & Flails | |  1.4

Action                   |  1- 3 |  4- 6 |  7- 9 || total
-------------------------+-------+-------+-------++-------
Melee: Whip              |    76 |       |       ||    76
       Headbutt          |    10 |    36 |    14 ||    60
       Short sword       |    41 |   290 |   121 ||   452
  Use: Scroll            |       |     3 |       ||     3
       Potion            |       |     4 |     6 ||    10
 Stab: Sleeping          |     3 |     1 |       ||     4
  Eat: Chunk             |     1 |     7 |     2 ||    10
Armor: Robe              |    48 |    24 |       ||    72
       Leather armour    |       |    65 |    44 ||   109
       Skin              |       |     1 |       ||     1
Dodge: Dodged            |    79 |   187 |    73 ||   339
